 Dungeon Crawl Stone Soup version 0.30.1 (webtiles) character file.

Game seed: 14452094668244445565

205 Sanktem7 the Chopper (level 5, -3/47 HPs)
             Began as a Minotaur Fighter on July 13, 2023.
             Slain by Dowan
             ... wielding a +0 dagger
              (5 damage)
             ... on level 4 of the Dungeon.
             The game lasted 00:02:34 (2475 turns).

Sanktem7 the Chopper (Minotaur Fighter)             Turns: 2475, Time: 00:02:34

Health: -3/47      AC:  7    Str: 22    XL:     5   Next: 52%
Magic:  4/4        EV:  9    Int:  5    God:
Gold:   112        SH:  4    Dex: 10    Spells: 4/4 levels left

rFire   . . .        a - +0 war axe {axe}
rCold   . . .        c - +0 buckler
rNeg    . . .        b - +0 scale mail
rPois   .            (helmet restricted)
rElec   .            (no cloak)
rCorr   .            (no gloves)
SInv    .            (no boots)
Will    .....        (no amulet) Stlth
                     (no ring)
HPRegen 0.27/turn    (no ring)
MPRegen 0.09/turn

%: no passive effects
@: no status effects
A: horns 2, retaliatory headbutt
a: no special abilities


You were on level 4 of the Dungeon.
You visited 1 branch of the dungeon, and saw 4 of its levels.

You collected 112 gold pieces.


Innate Abilities, Weirdness & Mutations

You have a pair of horns on your head.
You reflexively headbutt those who attack you in melee.


   Skills:
 + Level 4.6 Fighting
 * Level 4.8 Axes
 + Level 4.6 Armour
 + Level 4.7 Shields


You had 4 spell levels left.
You didn't know any spells.
Your spell library contained the following spells:

 Spells                   Type           Power      Damage    Failure   Level
 Apportation              Tloc           0%         N/A       85%         1
 Necrotise                Necr           0%         1d4       85%         1
 Summon Small Mammal      Summ           0%         N/A       85%         1

Inventory:

Hand Weapons
 a - a +0 war axe (weapon) {axe}
Missiles
 e - 10 stones (quivered) {throwing}
 r - 6 javelins {throwing}
Armour
 b - a +0 scale mail (worn)
 c - a +0 buckler (worn)
 h - a +0 pair of gloves
   (You found it on level 1 of the Dungeon)
Magical Staves
 n - the staff of poison "Xeczig" {rPois rF+, !astaff}
   (You found it on level 2 of the Dungeon)

   [staff of poison]

   Base accuracy: +5 Base damage: 5 Base attack delay: 1.2 This weapon's minimum
   attack delay (0.6) is reached at skill level 12.
   rF:        It protects you from fire.
   rPois:     It protects you from poison.
   It falls into the 'Staves' category.
   It is a one-handed weapon.
Jewellery
 q - a ring of willpower
   (You found it on level 3 of the Dungeon)
 t - a +4 ring of slaying
   (You found it on level 3 of the Dungeon)
Wands
 m - a wand of polymorph (7)
   (You found it on level 2 of the Dungeon)
Scrolls
 j - a scroll of acquirement {unknown}
 k - 3 scrolls of identify {unknown}
 o - a scroll of teleportation {unknown}
 s - a scroll of fog {unknown}
Potions
 d - a potion of might
 f - 2 potions of attraction {unknown}
 g - a potion of cancellation {unknown}
 i - a potion of mutation {unknown}
 l - a potion of lignification {unknown}
 p - a potion of flight {unknown}
 u - a potion of invisibility {unknown}

Dungeon Overview and Level Annotations

Branches:
Dungeon (4/15) Zot: 21466
 Temple: D:4-7

Altars:

Annotations:
D:4 Dowan

#########
#.....)@#
#.#####e# #.#
.............#
#.#####.####.#
..# ..# ####


You could see Dowan (fast, strong).


Message History

The adder poisons you! 😕 HP[-3]
You take 3 damage, and now have 36/47 hp.
You feel sick.
There is a stone staircase leading up here. 😮 HP[-2]
You take 2 damage, and now have 34/47 hp.
You feel sick. The adder completely misses you.
Dowan casts a spell.
Dowan blinks!
You climb upwards.
You feel very sick.
There is a stone staircase leading down here. 😮 HP[-4]
You take 4 damage, and now have 30/47 hp.
You miss the adder.
You feel sick. You block the adder's attack. The adder bites you. 😮 HP[-2]
You take 2 damage, and now have 28/47 hp.
You miss the adder. Your headbutt misses the adder.
You feel sick. The adder bites you but does no damage.
You block the adder's attack.
You hit the adder.
You feel sick. The adder closely misses you. 😮 HP[-2]
You take 2 damage, and now have 26/47 hp.
You barely miss the adder.
You feel sick.
You are no longer poisoned.
The adder barely misses you. You block the adder's attack. 😮 HP[-1]
You take 1 damage, and now have 25/47 hp.
You barely miss the adder. You headbutt the adder.
You block the adder's attack. The adder barely misses you.
You furiously retaliate!
You headbutt the adder. 😮 HP[+1]
You barely miss the adder. Your headbutt misses the adder.
The adder barely misses you.
You closely miss the adder. Your headbutt misses the adder.
The adder barely misses you. The adder bites you but does no damage.
You slash the adder!
You kill the adder! 😮 HP[+1]
You see here an adder corpse.
You start resting. 😎 HP[+20]
Your hp is fully restored (47).
There is a stone staircase leading down here.
You climb downwards.
Level annotation: Dowan, Duvessa Duvessa hits you with a +0 rapier.
Duvessa hits you with a +0 rapier!
There is a stone staircase leading up, spattered with blood here. 😮 HP[-13]
You take 13 damage, and now have 34/47 hp.
MASSIVE DAMAGE!! (PAUSE)
You closely miss Duvessa. Duvessa barely misses you.
You hit Duvessa.
Duvessa hits you with a +0 rapier. 😮 HP[-2]
You take 2 damage, and now have 32/47 hp.
You hit Duvessa but do no damage. Your headbutt misses Duvessa.
Duvessa barely misses you. You furiously retaliate!
You headbutt Duvessa! 😮 HP[+1]
You hit Duvessa. Duvessa hits you with a +0 rapier.
Dowan hits you with a +0 dagger.
* * * LOW HITPOINT WARNING * * *
😨 HP[-11]
You take 11 damage, and now have 22/47 hp.
MASSIVE DAMAGE!! (PAUSE)
You hit Dowan. Your headbutt misses Dowan. You slash Duvessa!
Duvessa hits you with a +0 rapier.
* * * LOW HITPOINT WARNING * * *
Dowan drinks a potion.
Dowan seems to grow stronger. 😨 HP[-2]
You take 2 damage, and now have 20/47 hp.
You hit Duvessa. You headbutt Duvessa, but do no damage. You miss Dowan.
Duvessa hits you with a +0 rapier.
* * * LOW HITPOINT WARNING * * *
Dowan hits you with a +0 dagger.
* * * LOW HITPOINT WARNING * * *
😨 HP[-8]
You take 8 damage, and now have 12/47 hp.
You hit Duvessa. Your headbutt misses Duvessa. You completely miss Dowan.
Duvessa hits you with a +0 rapier.
* * * LOW HITPOINT WARNING * * *
You block Dowan's attack. Duvessa hits you with a +0 rapier.
* * * LOW HITPOINT WARNING * * *
😱 HP[-6]
You take 6 damage, and now have 6/47 hp.
You hit Duvessa. You barely miss Dowan. Dowan hits you with a +0 dagger.
* * * LOW HITPOINT WARNING * * *
Duvessa hits you with a +0 rapier.
* * * LOW HITPOINT WARNING * * *
You block Dowan's attack. 😱 HP[-5]
You take 5 damage, and now have 1/47 hp.
You slash Duvessa!
You kill Duvessa!
Dowan seems overcome with grief.
Dowan seems to find hidden reserves of power!
You hit Dowan but do no damage. Dowan hits you but does no damage.
Dowan hits you with a +0 dagger.
You die...

Skill      XL: |  1  2  3  4 |
---------------+-------------+-----
Axes           | 3 4 |  4.8
Shields        | 4 |  4.7
Fighting       | 4 |  4.6
Armour         | 4 |  4.6

Action                     |  1- 3 |  4- 6 || total
---------------------------+-------+-------++-------
  Melee: War axe           |    69 |    81 ||   150
         Headbutt          |    10 |     8 ||    18
 Armour: Scale mail        |    32 |    19 ||    51
  Dodge: Dodged            |    30 |    33 ||    63
  Block: Buckler           |    22 |    12 ||    34

Levels and vault maps discovered:
D:1:      ldierk_walled_garden, layout_basic, ebering_ecumenical_altar_box
D:2:      layout_loops_cross
D:3:      layout_loops_corners, uniq_terence, uniq_natasha
D:4:      gammafunk_wand_slinger, layout_loops_cross, uniq_duvessa

Notes
Turn   | Place    | Note
-------+----------+-------------------------------------------
     0 | D:1      | Sanktem7 the Minotaur Fighter began the quest for the Orb.
     0 | D:1      | Reached XP level 1. HP: 19/19 MP: 0/0
     0 | D:1      | magus.rc [v1.9.6]
    49 | D:1      | Found a faded altar of an unknown god.
    94 | D:1      | Reached XP level 2. HP: 27/27 MP: 1/1
   294 | D:1      | Reached skill level 3 in Axes
   356 | D:1      | Reached skill level 4 in Shields
   359 | D:1      | Reached XP level 3. HP: 33/33 MP: 2/2
   432 | D:1      | Reached skill level 4 in Fighting
   450 | D:1      | Reached skill level 4 in Armour
  1118 | D:2      | Reached XP level 4. HP: 40/40 MP: 3/3
  1125 | D:2      | Identified the staff of poison "Xeczig" {rPois rF+}
  1184 | D:2      | You pick up a book of Cantrips and begin reading...
  1184 | D:2      | You add the spells Necrotise, Summon Small Mammal and
                  | Apportation to your library.
  1288 | D:2      | Reached skill level 4 in Axes
  1518 | D:3      | Noticed Terence
  1523 | D:3      | Killed Terence
  1653 | D:3      | Reached XP level 5. HP: 32/47 MP: 4/4
  1723 | D:3      | Noticed Natasha
  1728 | D:3      | Killed Natasha
  2372 | D:4      | Noticed Duvessa
  2372 | D:4      | Noticed Dowan
  2473 | D:4      | HP: 9/47 [Duvessa/+0 rapier (3)]
  2474 | D:4      | HP: 1/47 [Duvessa/+0 rapier (4)]
  2475 | D:4      | Killed Duvessa
  2475 | D:4      | Slain by Dowan

Vanquished Creatures
  Duvessa (D:4)
  Terence (D:3)
  Natasha (D:3)
  An iguana (D:3)
  A gnoll (D:1)
  4 adders
  3 dart slugs
  4 worms
  5 ball pythons
  9 endoplasms
  A giant cockroach (D:1)
  5 hobgoblins
  6 quokkas
  5 bats
  7 frilled lizards
  6 goblins
  5 kobolds
  9 rats
74 creatures vanquished.

Table legend:
 A = Non-vault XP
 B = Vault XP
 C = Vault XP percentage of total XP
 D = Non-vault monster count
 E = Vault monster count
 F = Vault count percentage of total count
                 A         B        C        D         E       F
            +---------+---------+-------+---------+---------+-------
      Total |     222 |     213 |  49.0 |      71 |       3 |   4.1
            +---------+---------+-------+---------+---------+-------
        D:1 |      56 |       0 |   0.0 |      28 |       0 |   0.0
        D:2 |      77 |       0 |   0.0 |      21 |       0 |   0.0
        D:3 |      89 |      71 |  44.4 |      22 |       2 |   8.3
        D:4 |       0 |     142 | 100.0 |       0 |       1 | 100.0
            +---------+---------+-------+---------+---------+-------

Skill      XL: |  1  2  3  4 |
---------------+-------------+-----
Axes           | 3 4 |  4.8
Shields        | 4 |  4.7
Fighting       | 4 |  4.6
Armour         | 4 |  4.6

Action                     |  1- 3 |  4- 6 || total
---------------------------+-------+-------++-------
  Melee: War axe           |    69 |    81 ||   150
         Headbutt          |    10 |     8 ||    18
 Armour: Scale mail        |    32 |    19 ||    51
  Dodge: Dodged            |    30 |    33 ||    63
  Block: Buckler           |    22 |    12 ||    34

Illustrated notes

Table legend:
 A = Kills in this place as a percentage of kills in the entire game.
 B = Kills by you in this place as a percentage of kills by you in the entire game.
 C = Kills by friends in this place as a percentage of kills by friends in the entire game.
 D = Other kills in this place as a percentage of other kills in the entire game.
 E = Experience gained in this place as a percentage of experience gained in the entire game.
 F = Experience gained in this place divided by the number of levels of this place that you have seen.
                   A       B       C       D       E      F
               +-------+-------+-------+-------+-------+----------------------
         Total | 100.0 | 100.0 |   N/A |   N/A | 100.0 | 108.8
       Dungeon | 100.0 | 100.0 |   N/A |   N/A | 100.0 | 108.8
               +-------+-------+-------+-------+-------+----------------------

Table legend: (Time is in decaauts)
 A = Elapsed time spent in this place.
 B = Non-inter-level travel time spent in this place.
 C = Inter-level travel time spent in this place.
 D = Time resting spent in this place.
 E = Time spent auto-exploring this place.
 F = Levels seen in this place.
 G = Mean time per level.
                   A        B        C        D        E       F      G
               +--------+--------+--------+--------+--------+-----+--------+
         Total |   2531 |   2482 |     49 |     73 |   2002 |   4 |  632.8 |
       Dungeon |   2531 |   2482 |     49 |     73 |   2002 |   4 |  632.8 |
               +--------+--------+--------+--------+--------+-----+--------+

Top non-repeatable levels by time:
     D:3: 1169 daAuts
     D:1: 744 daAuts
     D:2: 593 daAuts
     D:4: 24 daAuts
